 Dungeon Crawl Stone Soup version 0.29-a0-370-gb5314be063 (webtiles) character file.

Game seed: 8963191646602794074

396 Artihs the Skirmisher (level 7, -7/55 HPs)
             Began as a Human Fighter on May 2, 2022.
             Was an Initiate of Dithmenos.
             Mangled by an ogre
             ... wielding a +0 giant club
              (9 damage)
             ... on level 4 of the Dungeon.
             The game lasted 00:12:21 (3137 turns).

Artihs the Skirmisher (Human Fighter)               Turns: 3137, Time: 00:12:21

Health: -7/55      AC: 11    Str: 18    XL:     7   Next: 9%
Magic:  7/7        EV:  7    Int:  8    God:    Dithmenos [......]
Gold:   195        SH:  5    Dex: 13    Spells: 6/6 levels left

rFire   . . .      SeeInvis .   j - +0 mace (pain)
rCold   + . .      Faith    .   c - +0 buckler
rNeg    . . .      Spirit   .   q - +0 chain mail
rPois   .          Reflect  .   h - +2 hat
rElec   .          Harm     .   (no cloak)
rCorr   .          Rampage  .   (no gloves)
Will    .....                   (no boots)
Stlth   ..........              (no amulet)
HPRegen 0.18/turn               i - +4 ring of slaying
MPRegen 0.10/turn               f - ring of protection from cold

@: no status effects
A: no striking features
a: Renounce Religion


You were on level 4 of the Dungeon.
You worshipped Dithmenos.
Dithmenos was noncommittal.
You visited 2 branches of the dungeon, and saw 5 of its levels.

You collected 195 gold pieces.

Inventory:

Hand Weapons
 a - a +0 flail
 j - a +0 mace of pain (weapon)
 u - a +0 shortbow
Missiles
 w - 11 poisoned darts
 x - 4 boomerangs (quivered)
Armour
 b - a +0 scale mail
 c - a +0 buckler (worn)
 h - a +2 hat (worn)
 q - a +0 chain mail (worn)
Jewellery
 e - a ring of wizardry
 f - a ring of protection from cold (right hand)
 i - a +4 ring of slaying (left hand)
 p - a ring of flight
 t - a ring of wizardry
Scrolls
 l - a scroll of teleportation {unknown}
 n - 2 scrolls of identify {unknown}
 v - a scroll of enchant weapon {unknown}
 y - a scroll of enchant armour {unknown}
Potions
 d - 3 potions of might
 g - a potion of flight {unknown}
 k - a potion of lignification {unknown}
 m - a potion of attraction {unknown}
 o - a potion of mutation {unknown}
 r - a potion of degeneration {unknown}
 s - a potion of cancellation {unknown}


   Skills:
 * Level 4.6 Fighting
 * Level 4.0 Maces & Flails
 - Level 0.9 Bows
 + Level 0.0 Throwing
 + Level 3.9 Armour
 + Level 2.1 Dodging
 + Level 3.8 Shields


You had 6 spell levels left.
You didn't know any spells.
Your spell library contained the following spells:

 Spells                   Type           Power      Damage    Failure   Level
 Ignite Poison            Fire/Tmut/Pois 0%         N/A       100%        3
 Inner Flame              Hex/Fire       0%         N/A       100%        3
 Mephitic Cloud           Conj/Pois/Air  0%         N/A       100%        3
 Cause Fear               Hex            0%         N/A       100%        4
 Freezing Cloud           Conj/Ice/Air   0%         6-21      100%        5
 Discord                  Hex            0%         N/A       100%        8


Dungeon Overview and Level Annotations

Branches:
Dungeon (4/15)             Temple (1/1) D:4

Altars:
Dithmenos
Elyvilon
Fedhas
Gozag
Hepliaklqana
Kikubaaqudgha
Qazlal
Ru
Sif Muna
Trog
Uskayaw
Vehumet
Xom
Yredelemnul
The Shining One

Shops:
D:3 =


Message History

A dart slug comes into view.
You throw a boomerang.
The boomerang completely misses the dart slug.
You throw a boomerang. The boomerang hits the dart slug.
The dart slug is moderately wounded.
You throw a boomerang. The boomerang hits the dart slug!
You kill the dart slug!
Dithmenos accepts your kill.
No target in view!
An ogre comes into view. It is wielding a +0 giant club.
The ogre shouts!
You throw a boomerang. The boomerang barely misses the ogre.
You throw a boomerang. The boomerang hits the ogre.
The ogre is lightly wounded.
You barely miss the ogre.
The ogre is lightly wounded.
The ogre hits you with a +0 giant club!
You hit the ogre.
The ogre is lightly wounded.
The ogre barely misses you.
You hit the ogre but do no damage.
The ogre is lightly wounded.
The ogre hits you with a +0 giant club!!
You are too injured to fight recklessly!
You are too injured to fight recklessly!
You are too injured to fight recklessly!
You hit the ogre.
The ogre is moderately wounded.
The ogre hits you with a +0 giant club!!
* * * LOW HITPOINT WARNING * * *
You hit the ogre.
The ogre is heavily wounded.
The ogre completely misses you.
You sock the ogre!
The ogre is severely wounded.
You block the ogre's attack.
You barely miss the ogre.
The ogre is severely wounded.
The ogre hits you with a +0 giant club!
You die...

..........#+#...# #........#.....
#..#.#.......#..###........#.....
#............#...................
#...#........##.###........#.....
......#+###+###.###........#.....
#### #..##........#.....
##.##........#.....
#.##........#.....
#@O######'###..... #..........
#####. #......... #.........
#......... #......... ####.#####
.#


You could see an ogre.

Vanquished Creatures
  2 centaurs
  A howler monkey (D:4)
  A hound (D:4)
  An orc wizard (D:3)
  5 adders
  A worm (D:2)
  5 dart slugs
  5 orcs (D:3)
  9 endoplasms
  2 giant cockroaches (D:1)
  7 goblins
  7 hobgoblins
  6 jackals
  4 quokkas
  5 ball pythons
  3 bats
  2 frilled lizards
  10 kobolds
  4 rats
80 creatures vanquished.

Notes
Turn   | Place    | Note
-------+----------+-------------------------------------------
     0 | D:1      | Artihs the Human Fighter began the quest for the Orb.
     0 | D:1      | Reached XP level 1. HP: 18/18 MP: 1/1
   192 | D:1      | Reached XP level 2. HP: 24/24 MP: 2/2
   424 | D:1      | Reached XP level 3. HP: 29/29 MP: 3/3
   990 | D:2      | Reached XP level 4. HP: 20/35 MP: 4/4
  1509 | D:2      | Reached skill level 1 in Dodging
  1826 | D:3      | Reached XP level 5. HP: 34/42 MP: 5/5
  2002 | D:3      | Found a shimmering blue altar of Sif Muna.
  2159 | D:3      | Noticed a centaur
  2174 | D:3      | Killed a centaur
  2175 | D:3      | Reached XP level 6. HP: 27/48 MP: 6/6
  2327 | D:3      | Found Ufoseph's Jewellery Shoppe.
  2755 | D:4      | Reached XP level 7. HP: 47/55 MP: 7/7
  2767 | D:4      | Found a staircase to the Ecumenical Temple.
  2811 | Temple   | Entered the Ecumenical Temple
  2897 | Temple   | Became a worshipper of Dithmenos the Shadowed
  3133 | D:4      | HP: 1/55 [ogre/+0 giant club (21)]
  3137 | D:4      | Mangled by an ogre

Illustrated notes

Levels and vault maps discovered:
D:1:      ncdulo_lavacross, layout_loops_ring, serial_bayou,
          serial_bayou_ford_a, serial_bayou_pond_b, serial_bayou_crossing,
          serial_bayou_shore_a
D:2:      layout_basic, nicolae_underground_beach
D:3:      layout_basic, lemuel_crystal_altar, serial_shops,
          nicolae_shop_statue_plus
D:4:      layout_basic, mainiacjoe_overflow_alcove_2,
          minmay_temple_entry_sparse_star
Temple:   zaba_magenta_temple

Skill      XL: |  1  2  3  4  5  6 |
---------------+-------------------+-----
Dodging        | 1 2 |  2.1
Maces & Flails | 3 4 |  4.0
Fighting       | 4 |  4.6
Bows           | |  0.9
Armour         | |  3.9
Shields        | |  3.8

Action                   |  1- 3 |  4- 6 |  7- 9 || total
-------------------------+-------+-------+-------++-------
Melee: Flail             |    35 |       |       ||    35
       Mace              |    44 |   125 |    17 ||   186
Throw: Boomerang         |       |       |     7 ||     7
Armor: Scale mail        |    38 |    27 |       ||    65
       Chain mail        |       |    57 |     4 ||    61
Dodge: Dodged            |    36 |    63 |     4 ||   103
Block: Buckler           |    13 |    35 |     3 ||    51

Table legend: (Time is in decaauts)
 A = Elapsed time spent in this place.
 B = Non-inter-level travel time spent in this place.
 C = Inter-level travel time spent in this place.
 D = Time resting spent in this place.
 E = Time spent auto-exploring this place.
 F = Levels seen in this place.
 G = Mean time per level.
                   A        B        C        D        E       F      G
               +--------+--------+--------+--------+--------+-----+--------+
         Total |   3232 |   3011 |    221 |    573 |   1822 |   5 |  646.4 |
       Dungeon |   3133 |   2955 |    178 |    573 |   1772 |   4 |  783.2 |
        Temple |     99 |     56 |     43 |      0 |     50 |   1 |   99.0 |
               +--------+--------+--------+--------+--------+-----+--------+

Top non-repeatable levels by time:
     D:1: 1020 daAuts
     D:3: 854 daAuts
     D:2: 749 daAuts
     D:4: 509 daAuts
  Temple: 99 daAuts
